 Dungeon Crawl Stone Soup version 0.29.0-4-gdea44cf6ec (webtiles) character file.

Game seed: 7372991459920229200

121 RascalDebosk the Digger (level 4, -8/39 HPs)
             Began as a Troll Earth Elementalist on Aug 27, 2022.
             Mangled by ShnitzelX2's ghost (10 damage)
             ... on level 3 of the Dungeon.
             The game lasted 00:27:51 (2410 turns).

RascalDebosk the Digger (Troll Earth Elementalist)  Turns: 2410, Time: 00:27:52

Health: -8/39      AC:  4    Str: 16    XL:     4   Next: 77%
Magic:  1/5        EV: 14    Int: 13    God:
Gold:   157        SH:  0    Dex: 10    Spells: 0/6 levels left

rFire   . . .      SeeInvis .   k - +0 quarterstaff (spect)
rCold   . . .      Faith    .   (shield currently unavailable)
rNeg    . . .      Spirit   .   a - +0 robe
rPois   .          Reflect  .   (helmet restricted)
rElec   .          Harm     .   (no cloak)
rCorr   .          Rampage  .   (gloves unavailable)
Will    .....                   (boots unavailable)
Stlth   +.........              (no amulet)
HPRegen 0.93/turn               f - +4 ring of evasion
MPRegen 0.09/turn               (no ring)

@: no status effects
A: large, unfitting armour, claws 3, regeneration 1, shaggy fur 1, tough skin 1
a: no special abilities


You were on level 3 of the Dungeon.
You visited 1 branch of the dungeon, and saw 3 of its levels.

You collected 157 gold pieces.

Inventory:

Hand Weapons
 j - a +0 morningstar of protection
 k - a +0 spectral quarterstaff (weapon)
 r - a +0 war axe
Missiles
 m - a throwing net
Armour
 a - a +0 robe (worn)
Jewellery
 f - a +4 ring of evasion (left claw)
Scrolls
 c - 4 scrolls of identify {unknown}
 d - a scroll of teleportation {unknown}
 g - 2 scrolls of fear {unknown}
 i - 2 scrolls of amnesia {unknown}
 l - a scroll of vulnerability {unknown}
 s - a scroll of enchant armour {unknown}
Potions
 b - a potion of magic
 e - a potion of mutation {unknown}
 h - 2 potions of heal wounds {unknown}
 n - a potion of invisibility {unknown}
 o - a potion of haste {unknown}
 p - 2 potions of lignification {unknown}
 q - 2 potions of attraction {unknown}


   Skills:
 + Level 1.2 Armour
 + Level 2.0 Dodging
 - Level 1.0 Stealth
 + Level 1.3 Unarmed Combat
 + Level 1.7 Spellcasting
 + Level 0.7 Conjurations
 + Level 1.2 Transmutations
 + Level 3.1 Earth Magic


You couldn't memorise any spells.
You knew the following spells:

 Your Spells              Type           Power      Damage    Failure   Level
a - Sandblast             Erth           18%        2d7       7%          1
b - Passwall              Tmut/Erth      5%         N/A       16%         2
c - Stone Arrow           Conj/Erth      12%        3d7       34%         3

Your spell library contained the following spells:

 Spells                   Type           Power      Damage    Failure   Level
 Petrify                  Tmut/Erth      6%         N/A       71%         4


Dungeon Overview and Level Annotations

Branches:
Dungeon (3/15)

Altars:
Nemelex Xobeh

Shops:
D:1 =

Annotations:
D:3 ShnitzelX2's ghost, amateur GrFi


Innate Abilities, Weirdness & Mutations

You are too large for most types of armour.
You have claws for hands.
Your natural rate of healing is unusually fast.
You are covered in fur. (AC +1)
You have tough skin. (AC +1)


Message History

Confirm with . or Enter, or press ? or * to list all spells.
The spell is quite dangerous to miscast (34% risk of failure)!
Continue anyway?
Aiming: Stone Arrow (quite dangerous; 34% risk of failure)
Press: ? - help, Shift-Dir - straight line, f - ShnitzelX2's ghost
Aim: ShnitzelX2's ghost (dormant, 100% to hit)
The stone arrow hits ShnitzelX2's ghost.
ShnitzelX2's ghost is lightly damaged.
ShnitzelX2's ghost turns its malevolent gaze towards you.
You barely miss the quokka simulacrum.
Your +0 spectral quarterstaff hits the quokka simulacrum.
The quokka simulacrum vaporises!
You hit ShnitzelX2's ghost but do no damage.
Your +0 spectral quarterstaff closely misses ShnitzelX2's ghost.
ShnitzelX2's ghost hits you!
You barely miss ShnitzelX2's ghost.
Your +0 spectral quarterstaff hits ShnitzelX2's ghost but does no damage.
Your +0 spectral quarterstaff is engulfed in freezing vapours.
ShnitzelX2's ghost hits you!
The ball python simulacrum closely misses you.
Your +0 spectral quarterstaff is engulfed in freezing vapours.
ShnitzelX2's ghost closely misses you.
The ball python simulacrum closely misses you.
You hit the ball python simulacrum.
The ball python simulacrum vaporises!
ShnitzelX2's ghost hits you!
Aiming: Sandblast (safe; 7% risk of failure)
Press: ? - help, Q - select action, (/) - cycle Shift-Dir - straight line, f/p - ShnitzelX2's ghost
Aim: ShnitzelX2's ghost (83% to hit)
The blast of sand hits ShnitzelX2's ghost but does no damage.
ShnitzelX2's ghost hits you!
* * * LOW HITPOINT WARNING * * *
You hit ShnitzelX2's ghost but do no damage.
Your +0 spectral quarterstaff barely misses ShnitzelX2's ghost.
ShnitzelX2's ghost hits you.
* * * LOW HITPOINT WARNING * * *
ShnitzelX2's ghost misses you.
You barely miss ShnitzelX2's ghost.
Your +0 spectral quarterstaff hits ShnitzelX2's ghost!
ShnitzelX2's ghost hits you!
You die...

.......... ...
......... .##.##
#....### #.##..
#....# ##.. ..###
#....##...#####.##
#.#..#..###......#
..#....##........##
#####.##....###...#
..#...#....##...@.#
#.#.#.#....#.)(W.##
#...#.'...##.....#
##.##.'...#?.=...#.
......'...#$...#.##.
.#.#..#...##...#..
.#
...##.#....##.##.. #
......##....## ...
.#.#... ##....


You could see ShnitzelX2's ghost and a friendly +0 spectral quarterstaff
(summoned).

Vanquished Creatures
  A scorpion simulacrum (D:3)
  Robin (D:2)
  2 adders
  6 endoplasms
  2 giant cockroaches (D:2)
  8 hobgoblins
  9 jackals (D:1)
  5 quokkas
  5 ball pythons
  A ball python simulacrum (D:3)
  6 bats
  4 frilled lizards
  A giant cockroach simulacrum (D:3)
  13 goblins
  5 kobolds
  2 quokka simulacra (D:3)
  3 rats (D:1)
74 creatures vanquished.

Notes
Turn   | Place    | Note
-------+----------+-------------------------------------------
     0 | D:1      | RascalDebosk the Troll Earth Elementalist began the quest
                  | for the Orb.
     0 | D:1      | Reached XP level 1. HP: 16/16 MP: 1/1
   163 | D:1      | Found Baxkif's One-of-a-Kind Rings.
   183 | D:1      | Reached XP level 2. HP: 20/24 MP: 3/3
   206 | D:1      | Learned a level 2 spell: Passwall
   540 | D:1      | Reached skill level 1 in Transmutations
   740 | D:1      | Reached XP level 3. HP: 28/31 MP: 1/4
  1278 | D:2      | Noticed Robin
  1304 | D:2      | Killed Robin
  1305 | D:2      | Reached skill level 1 in Unarmed Combat
  1305 | D:2      | Reached skill level 3 in Earth Magic
  1332 | D:2      | Reached XP level 4. HP: 39/39 MP: 5/5
  1577 | D:2      | Reached skill level 1 in Armour
  1597 | D:2      | Found a sparkling altar of Nemelex Xobeh.
  1957 | D:2      | Found a faded altar of an unknown god.
  2144 | D:2      | Learned a level 3 spell: Stone Arrow
  2248 | D:3      | Found a runed translucent gate.
  2260 | D:3      | Found a runed translucent gate.
  2260 | D:3      | Found a runed translucent gate.
  2401 | D:3      | Noticed ShnitzelX2's ghost (amateur GrFi)
  2409 | D:3      | HP: 1/39 [ShnitzelX2's ghost (6)]
  2410 | D:3      | Mangled by ShnitzelX2's ghost

Illustrated notes

Levels and vault maps discovered:
D:1:      dpeg_arrival_brainrot, layout_loops_corners, nicolae_shop_unique_rings
D:2:      layout_loops_ring, shapermc_ecumenical_altar_petra, basic_altar,
          serial_park_tiny_pond, hangedman_abyss_or_decor_lesser_grid,
          uniq_robin
D:3:      layout_loops_cross, mainiacjoe_overflow_chevrons,
          nicolae_uskayaw_en_pointe, old_standard_altar, gammafunk_ghost_icy

Skill      XL: |  1  2  3  4 |
---------------+-------------+-----
Transmutations | 1 |  1.2
Unarmed Combat | 1 |  1.3
Earth Magic    | 3 |  3.1
Armour         | 1 |  1.2
Dodging        | 2 |  2.0
Stealth        | |  1.0
Spellcasting   | |  1.7
Conjurations   | |  0.7

Action                   |  1- 3 |  4- 6 || total
-------------------------+-------+-------++-------
Melee: Unarmed           |    76 |       ||    76
       Punch             |     1 |       ||     1
       Quarterstaff      |    35 |    31 ||    66
       Morningstar       |    13 |       ||    13
 Cast: Sandblast         |    25 |    10 ||    35
       Stone Arrow       |       |     1 ||     1
Armor: Robe              |    39 |     5 ||    44
Dodge: Dodged            |   118 |    17 ||   135
